 Dungeon Crawl Stone Soup version 0.25-a0-317-g5f8687bca5 (webtiles) character file.

Game seed: 5266324235530011450, levelgen mode: deterministic

3313 Gildeon the Blocker (level 10, 0/74 HPs)
             Began as a Formicid Fighter on Dec 27, 2019.
             Was a Believer of Cheibriados.
             Slain by a wyvern (12 damage)
             ... on level 9 of the Dungeon.
             The game lasted 00:28:25 (7528 turns).

Gildeon the Blocker (Formicid Fighter)              Turns: 7528, Time: 00:28:26

Health: 0/74       AC: 15    Str: 36    XL:     10   Next: 21%
Magic:  10/10      EV: 11    Int: 12    God:    Cheibriados [**....]
Gold:   291        SH: 13    Dex: 16    Spells: 9/9 levels left

rFire    . . .     SeeInvis +   m - +0 halberd
rCold    . . .     Gourm    .   c - +0 shield
rNeg     . . .     Faith    .   G - +0 plate armour
rPois    +         Spirit   .   (helmet unavailable)
rElec    .         Reflect  .   q - +0 cloak
rCorr    .         Harm     .   D - +1 pair of gloves
MR       ++...                  (no boots)
Stlth    ..........             (no amulet)
HPRegen  0.22/turn              l - ring of poison resistance
MPRegen  0.12/turn              I - ring of Botsycec {-Tele +Inv MR+ Str+3 Dex+2}

@: mighty, very slow
A: permanent stasis, dig shafts and tunnels, four strong arms, antennae 3
a: Dig, Shaft Self, Bend Time, Renounce Religion, Evoke Invisibility


You were on level 9 of the Dungeon.
You worshipped Cheibriados.
Cheibriados was pleased with you.
You were hungry.

You visited 2 branches of the dungeon, and saw 10 of its levels.
You also visited: Sewer.

You collected 291 gold pieces.

Inventory:

Hand Weapons
 a - a +0 trident
 m - a +0 halberd (weapon)
 H - a +0 glaive
Armour
 c - a +0 shield (worn)
 q - a +0 cloak (worn)
 D - a +1 pair of gloves (worn)
 G - a +0 plate armour (worn)
Jewellery
 e - an uncursed ring of fire
 l - a ring of poison resistance (left hand)
 p - an uncursed ring of flight
 r - a cursed amulet of harm {unknown}
 I - the ring of Botsycec (right hand) {-Tele +Inv MR+ Str+3 Dex+2}
   (You found it on level 7 of the Dungeon)

   [ring of protection from magic]

   It affects your strength (+3).
   It affects your dexterity (+2).
   It affects your resistance to hostile enchantments.
   It lets you turn invisible.
   It prevents most forms of teleportation.
Wands
 g - a wand of polymorph (6)
 j - a wand of paralysis (1)
 k - a wand of acid (7)
 t - a wand of digging (10)
 x - a wand of iceblast (20)
 B - a wand of enslavement (5)
Scrolls
 s - a scroll of amnesia
 u - 3 scrolls of remove curse
 y - a scroll of fear
 F - 2 scrolls of magic mapping
 J - a scroll of fog
Potions
 b - a potion of ambrosia {unknown}
 d - a potion of cancellation
 h - a potion of resistance
 i - a potion of mutation
 n - 3 potions of magic
 o - a potion of lignification
 v - a potion of curing
 A - a potion of heal wounds {unknown}
 C - a potion of brilliance {unknown}
Comestibles
 f - 15 rations


   Skills:
 - Level 5.1 Fighting
 * Level 6.3(8.0) Polearms
   Level 7.5(8.6) Staves
 - Level 5.0 Armour
 + Level 4.0 Dodging
 - Level 9.0 Shields
 + Level 1.1 Invocations


You had 9 spell levels left.
You didn't know any spells.
Your spell library was empty.

Dungeon Overview and Level Annotations

Branches:
Dungeon (9/15)             Temple (1/1) D:7           Sewer (visited)
   Lair: D:8-11         Orc: D:9-12

Altars:
Ashenzari
Cheibriados
Dithmenos
Elyvilon
Fedhas
Gozag
Hepliaklqana
Kikubaaqudgha
Makhleb
Nemelex Xobeh
Okawaru
Qazlal
Ru
Sif Muna
Trog
Uskayaw
Vehumet
Wu Jian
Xom
Yredelemnul
Zin

Shops:
D:5 :


Innate Abilities, Weirdness & Mutations

You cannot be hasted, slowed, berserked, paralysed or teleported.
You can dig through walls and to a lower floor.
Your four strong arms can wield two-handed weapons with a shield.
You have a pair of large antennae on your head. (SInv)


Message History

You slash the wyvern!
The wyvern is heavily wounded.
The wyvern bites you! x2
* * * LOW HITPOINT WARNING * * *
You barely miss the wyvern.
The wyvern is heavily wounded.
You feel sick. The wyvern bites you!
* * * LOW HITPOINT WARNING * * *
You block the wyvern's attack.
Your plate armour prevents you from hitting the wyvern.
The wyvern is heavily wounded.
The wyvern barely misses you.
Unknown command.
It was a potion of curing.
You feel better. You block the wyvern's attack. x2
You feel very mighty all of a sudden. You block the wyvern's attack.
You closely miss the wyvern.
The wyvern is heavily wounded.
The wyvern bites you!
You die...

#.# #.. .. .. #..##.. .#
#.. #. #....##y##... #.
#.......#..#
#.##..>......# #....#
#.#.........##
#....######....##.....####
#....#.........###y.......
#...............@l5.......
#.............######...###
#....#..>............#.#
#....#........######....#
#................# .#...#
#.(<.#####.......... ....
#....# #.......... ##
###### #.......##.
#.......#


You could see a wyvern, a killer bee and a shadow imp.

Vanquished Creatures
  Pikel (D:6)
  Sigmund (D:2)
  Eustachio (D:6)
  A water moccasin (D:7)
  Purgy (Sewer)
  An orc warrior (D:6)
  A phantom (D:5)
  4 centaurs
  3 ogres
  2 bullfrogs
  A wyvern zombie (D:6)
  2 scorpions (D:8)
  3 killer bees (D:9)
  A howler monkey (D:8)
  3 vampire bats (D:7)
  4 crimson imps
  A centaur zombie (D:6)
  8 orc wizards
  2 orc priests (D:6)
  3 hounds
  Crazy Yiuf (D:2)
  3 worker ants
  Robin (D:2)
  A howler monkey zombie (D:7)
  5 gnolls
  13 adders
  An ufetubus (D:7)
  2 oozes (D:1)
  3 adder skeletons
  2 worms (D:3)
  5 leopard geckos
  23 orcs
  3 bats (D:2)
  A bat skeleton (D:7)
  5 bat zombies (D:7)
  6 giant cockroaches
  17 goblins
  12 hobgoblins
  4 jackals (D:3)
  4 quokkas
  2 ball pythons
  A ball python skeleton (D:6)
  6 frilled lizards
  A jackal skeleton (D:5)
  9 kobolds
  A leopard gecko skeleton (D:4)
  A leopard gecko zombie (D:7)
  A quokka skeleton (D:4)
  8 rats
  A fungus (D:2)
187 creatures vanquished.

Vanquished Creatures (others)
  A slave (D:6)
1 creature vanquished.

Grand Total: 188 creatures vanquished

Notes
Turn   | Place    | Note
-------+----------+-------------------------------------------
     0 | D:1      | Gildeon the Formicid Fighter began the quest for the Orb.
     0 | D:1      | Reached XP level 1. HP: 18/18 MP: 1/1
    45 | D:1      | Reached XP level 2. HP: 24/24 MP: 2/2
   264 | D:1      | Reached XP level 3. HP: 29/29 MP: 3/3
   279 | D:1      | Reached skill level 4 in Shields
  1120 | D:2      | Reached XP level 4. HP: 37/37 MP: 4/4
  1123 | D:2      | Noticed Sigmund
  1136 | D:2      | Killed Sigmund
  1136 | D:2      | Reached XP level 5. HP: 43/43 MP: 5/5
  1136 | D:2      | Reached XP level 6. HP: 49/49 MP: 6/6
  1571 | D:2      | Found a runed translucent door.
  1572 | D:2      | Noticed Crazy Yiuf
  1583 | D:2      | Killed Crazy Yiuf
  1583 | D:2      | Reached skill level 5 in Shields
  1670 | D:3      | Noticed Robin
  1867 | D:2      | Killed Robin
  2234 | D:3      | Reached skill level 1 in Staves
  2721 | D:4      | Noticed an ogre
  2724 | D:4      | Reached XP level 7. HP: 51/55 MP: 7/7
  2731 | D:4      | Reached skill level 5 in Fighting
  2892 | D:4      | Found a hazy altar of Hepliaklqana.
  3174 | D:4      | Found a blossoming altar of Fedhas.
  3233 | D:4      | Found a glowing drain.
  3276 | D:4      | Reached skill level 6 in Shields
  3293 | Sewer    | Entered a sewer
  3364 | Sewer    | Noticed Purgy
  3370 | Sewer    | Killed Purgy
  3370 | Sewer    | Reached XP level 8. HP: 61/62 MP: 8/8
  3525 | D:4      | Found a sacrificial altar of Ru.
  3799 | D:5      | Entered Level 5 of the Dungeon
  3915 | D:5      | Found a radiant altar of Vehumet.
  4097 | D:5      | Found Vusmetoe's Book Shop.
  4295 | D:6      | Noticed Eustachio
  4329 | D:6      | Killed Eustachio
  4329 | D:6      | Reached skill level 5 in Staves
  4459 | D:6      | Reached skill level 5 in Armour
  4459 | D:6      | Reached skill level 7 in Shields
  4468 | D:6      | Reached XP level 9. HP: 28/68 MP: 9/9
  4689 | D:6      | Reached skill level 1 in Dodging
  4793 | D:6      | Noticed Pikel
  4805 | D:6      | Killed Pikel
  4805 | D:6      | Reached skill level 8 in Shields
  5291 | D:7      | Found a staircase to the Ecumenical Temple.
  5307 | Temple   | Entered the Ecumenical Temple
  5365 | Temple   | Became a worshipper of Cheibriados the Contemplative
  5584 | D:7      | Found an iron altar of Okawaru.
  5593 | D:7      | Got a faintly glowing gossamer ring
  5595 | D:7      | Identified the ring of Botsycec {-Tele +Inv MR+ Str+3
                  | Dex+2} (You found it on level 7 of the Dungeon)
  5710 | D:7      | Found a white marble altar of Elyvilon.
  5727 | D:7      | Found a sacrificial altar of Ru.
  6206 | D:7      | Reached skill level 5 in Polearms
  6226 | D:7      | Found an ancient bone altar of Kikubaaqudgha.
  6250 | D:7      | Reached * piety under Cheibriados
  6808 | D:8      | Reached XP level 10. HP: 66/74 MP: 10/10
  7460 | D:9      | Reached skill level 9 in Shields
  7501 | D:9      | Reached ** piety under Cheibriados
  7517 | D:9      | Reached skill level 1 in Invocations
  7524 | D:9      | HP: 2/74 [wyvern (10)]
  7528 | D:9      | Slain by a wyvern

Levels and vault maps discovered:
D:1:      erik_arrival_gehennom, layout_basic
D:2:      layout_loops_ring, uniq_crazy_yiuf_cottage, uniq_sigmund
D:3:      layout_loops_ring, first_ration, uniq_robin
D:4:      layout_loops_ring, kennysheep_mini_moat, kennysheep_mini,
          gup_sewer_entry_glass, nicolae_ru_path_of_blood
D:5:      layout_rooms, lemuel_crystal_altar, serial_shops,
          nicolae_shop_behind_doors, minmay_fractal_squares_diagonal_5
D:6:      layout_loops_ring, st_stairs_11, uniq_pikel, uniq_eustachio
D:7:      layout_layer_cave, kennysheep_vampire_church, old_standard_altar,
          elyvilon_altar_4, okawaru_gym_becter, temple_green
D:8:      layout_basic
D:9:      layout_rooms, nicolae_overflow_crystal_walls
Temple:   eino_temple_water

Skill      XL: |  1  2  3  4  5  6  7  8  9 10 |
---------------+-------------------------------+-----
Shields        | 4 5 6 7 8 9 |  9.0
Polearms       | 3 4 5 6 |  6.3
Fighting       | 4 5 |  5.1
Staves         | 1 3 5 7 |  7.5
Armour         | 5 |  5.0
Dodging        | 3 4 |  4.0
Invocations    | 1 |  1.1

Action                   |  1- 3 |  4- 6 |  7- 9 | 10-12 || total
-------------------------+-------+-------+-------+-------++-------
Melee: Trident           |    53 |       |       |       ||    53
       Halberd           |    57 |    53 |    93 |   123 ||   326
       Quarterstaff      |       |   113 |   217 |       ||   330
 Abil: Evoke Flight      |       |       |     2 |       ||     2
  Use: Scroll            |     7 |     5 |     6 |     2 ||    20
       Potion            |       |     1 |       |     2 ||     3
 Stab: Confused          |       |     1 |       |       ||     1
       Paralysed         |       |     1 |       |       ||     1
  Eat: Chunk             |     1 |     5 |    11 |       ||    17
       Ration            |       |       |     1 |       ||     1
Armor: Scale mail        |    37 |    64 |     7 |       ||   108
       Chain mail        |       |       |    40 |       ||    40
       Plate armour      |       |       |    99 |    57 ||   156
Dodge: Dodged            |    37 |    60 |    99 |    58 ||   254
Block: Shield            |    69 |   121 |   191 |   110 ||   491

Table legend:
 A = Non-vault XP
 B = Vault XP
 C = Vault XP percentage of total XP
 D = Non-vault monster count
 E = Vault monster count
 F = Vault count percentage of total count
                 A         B        C        D         E       F
            +---------+---------+-------+---------+---------+-------
      Total |    3020 |    1714 |  36.2 |     138 |      48 |  25.8
            +---------+---------+-------+---------+---------+-------
        D:1 |      36 |      18 |  33.3 |      15 |       5 |  25.0
        D:2 |      29 |     297 |  91.1 |      17 |      11 |  39.3
        D:3 |     122 |       8 |   6.2 |      23 |       4 |  14.8
        D:4 |     380 |      41 |   9.7 |      20 |       4 |  16.7
        D:5 |      31 |     134 |  81.2 |       4 |       5 |  55.6
        D:6 |    1022 |     897 |  46.7 |      20 |       5 |  20.0
        D:7 |     466 |     181 |  28.0 |      18 |       9 |  33.3
        D:8 |     656 |       0 |   0.0 |      16 |       0 |   0.0
        D:9 |     278 |       0 |   0.0 |       5 |       0 |   0.0
      Sewer |       0 |     138 | 100.0 |       0 |       5 | 100.0
            +---------+---------+-------+---------+---------+-------
